 Dungeon Crawl Stone Soup version 0.27-a0-1324-ge0d8e047f6 (webtiles) character file.

Game seed: 652738724878545234

27008 tsouns the Covert (level 13, 0/151 HPs)
             Began as a Gnoll Brigand on June 23, 2021.
             Was a High Priest of Trog.
             Slain by a rust devil (8 damage)
             ... summoned by an obsidian statue
             ... in a Gauntlet.
             The game lasted 00:39:36 (20325 turns).

tsouns the Covert (Gnoll Brigand)                  Turns: 20325, Time: 00:39:36

Health: 0/151      AC: -9    Str: 16      XL:     13   Next: 29%
Magic:  25/25      EV: 10    Int: 14      God:    Trog [*****.]
Gold:   710        SH:  0    Dex: 16 (17) Spells: 28/28 levels left

rFire    + . .     SeeInvis +   M - +8 short sword "Weyczois" {venom, rF+}
rCold    . . .     Faith    .   (no shield)
rNeg     + + .     Spirit   .   g - +3 chain mail of Pride {rElec Will+ Dex+3}
rPois    .         Reflect  .   f - +1 helmet {SInv}
rElec    +         Harm     .   c - +1 cloak
rCorr    .         Rampage  .   H - +2 pair of gloves of Dithmenos's Anger {-Cast rElec rN+ Str+4}
Will     ++...     NoTele   +   (no boots) Stlth ..........NoCast +
                                (no amulet)
HPRegen  0.35/turn              r - ring of willpower
MPRegen  0.19/turn              y - ring of positive energy

@: berserking (expiring), corroded, very quick
A: fangs 1, strong nose, distributed training
a: Renounce Religion, Berserk, Trog's Hand, Brothers in Arms


You were in a Gauntlet.
You worshipped Trog.
Trog was extremely pleased with you.
You visited 4 branches of the dungeon, and saw 15 of its levels.
You also visited: Gauntlet.

You collected 1664 gold pieces.
You spent 954 gold pieces at shops.

Inventory:

Hand Weapons
 E - a +0 demon trident of venom
 L - the +4 battleaxe of Discord {vorpal, rPois rC- Str+9 Stlth-}
   (You found it on level 1 of the Lair of Beasts)

   It inflicts extra damage upon your enemies.
   It affects your strength (+9).
   It makes you vulnerable to cold.
   It protects you from poison.
   It makes you less stealthy.
 M - the +8 short sword "Weyczois" (weapon) {venom, rF+}
   (You found it on level 1 of the Lair of Beasts)

   It poisons the flesh of those it strikes.
   It protects you from fire.
Missiles
 d - 96 poisoned darts (quivered)
 u - 5 curare-tipped darts
Armour
 c - a +1 cloak (worn)
 f - a +1 helmet of see invisible (worn)
 g - the +3 chain mail of Pride (worn) {rElec Will+ Dex+3}
   (You bought it in a shop on level 5 of the Dungeon)

   It affects your dexterity (+3).
   It insulates you from electricity.
   It increases your willpower.
 l - a +0 kite shield
 C - +0 acid dragon scales
 H - the +2 pair of gloves of Dithmenos's Anger (worn) {-Cast rElec rN+ Str+4}
   (You bought it in a shop on level 5 of the Dungeon)

   It affects your strength (+4).
   It insulates you from electricity.
   It protects you from negative energy.
   It prevents spellcasting.
Jewellery
 r - a ring of willpower (left hand)
 s - a ring of flight
 y - a ring of positive energy (right hand)
Wands
 e - a wand of digging (3)
 q - a wand of flame (39)
 v - a wand of iceblast (5)
 J - a wand of charming (7)
 K - a wand of polymorph (9)
Scrolls
 a - 4 scrolls of enchant weapon
 b - a scroll of immolation
 i - 2 scrolls of fog
 j - a scroll of amnesia
 m - 7 scrolls of identify
 t - a scroll of teleportation
 w - 2 scrolls of blinking
 B - a scroll of summoning
 D - a scroll of fear
Potions
 h - 5 potions of curing
 k - 3 potions of mutation
 n - 2 potions of heal wounds
 o - 3 potions of haste
 p - 3 potions of flight
 z - a potion of might
 G - a potion of magic
 I - a potion of ambrosia
Miscellaneous
 A - a lightning rod (4/4)
 F - a tin of tremorstones (2/2)


   Skills:
 + Level 9.4 Fighting
 + Level 9.4 Short Blades
 + Level 8.1 Long Blades
 + Level 8.1 Axes
 + Level 8.1 Maces & Flails
 + Level 8.1 Polearms
 + Level 8.1 Staves
 + Level 8.1 Slings
 + Level 8.1 Bows
 + Level 8.1 Crossbows
 + Level 9.4 Throwing
 + Level 8.1 Armour
 + Level 8.6 Dodging
 + Level 11.1 Stealth
 + Level 8.1 Shields
 + Level 8.1 Unarmed Combat
 + Level 8.1 Spellcasting
 + Level 6.8 Conjurations
 + Level 6.8 Hexes
 + Level 6.8 Summonings
 + Level 6.8 Necromancy
 + Level 6.8 Translocations
 + Level 6.8 Transmutations
 + Level 6.8 Fire Magic
 + Level 6.8 Ice Magic
 + Level 6.8 Air Magic
 + Level 6.8 Earth Magic
 + Level 6.8 Poison Magic
 + Level 8.9 Invocations
 + Level 8.1 Evocations


You had 28 spell levels left.
You didn't know any spells.
Your spell library contained the following spells:

 Spells                   Type           Power      Damage    Failure   Level
 Animate Skeleton         Necr           48%        N/A       10%         1
 Apportation              Tloc           48%        N/A       10%         1
 Corona                   Hex            26%        N/A       10%         1
 Pain                     Necr           96%        1d8       10%         1
 Summon Small Mammal      Summ           96%        N/A       10%         1
 Call Imp                 Summ           24%        N/A       14%         2
 Call Canine Familiar     Summ           24%        N/A       28%         3
 Ignite Poison            Fire/Tmut/Pois 24%        N/A       28%         3
 Summon Guardian Golem    Hex/Summ       24%        N/A       28%         3
 Vampiric Draining        Necr           12%        2d7       28%         3
 Animate Dead             Necr           12%        N/A       67%         4
 Petrify                  Tmut/Erth      24%        N/A       67%         4
 Summon Ice Beast         Ice/Summ       24%        N/A       67%         4
 Summon Lightning Spire   Summ/Air       24%        N/A       67%         4
 Agony                    Necr           24%        N/A       95%         5
 Starburst                Conj/Fire      12%        8x6d5     100%        6


Dungeon Overview and Level Annotations

Branches:
Dungeon (10/15)            Temple (1/1) D:7            Lair (3/6) D:10
    Orc (1/2) D:10        Gauntlet (1/1)
  Swamp: Lair:2-4    Shoals: Lair:2-4     Snake: Lair:2-4    Spider: Lair:2-4

Altars:
Ashenzari
Cheibriados
Dithmenos
Elyvilon
Fedhas
Gozag
Hepliaklqana
Kikubaaqudgha
Makhleb
Nemelex Xobeh
Okawaru
Qazlal
Ru
Sif Muna
Trog
Uskayaw
Vehumet
Wu Jian
Xom
Yredelemnul
Zin
The Shining One

Shops:
D:2 :[=!(   D:5 *[*

Annotations:
Lair:1 1 runed translucent door, Vevib's ghost, journeyman DrIE
Lair:3 Fannar
Orc:1 Rutap's ghost, journeyman DgIE Gauntlet 7 transporters, exclusion: 2 obsidian statues


Innate Abilities, Weirdness & Mutations

You have very sharp teeth.
Your uncanny sense of smell can sniff out nearby items.
Your experience applies equally to all skills.


Message History

The red devil closely misses you.
You hit the obsidian statue but do no damage.
The obsidian statue is almost destroyed.
The quasit closely misses you. The quasit claws you. x2
You feel clumsy.
You hit the obsidian statue but do no damage.
You punch the obsidian statue, but do no damage.
The obsidian statue is almost destroyed.
The white imp completely misses you. The rust devil hits you!
The rust devil corrodes you!
You hit the obsidian statue but do no damage.
The obsidian statue is almost destroyed.
The quasit bites you. The quasit claws you. x2
* * * LOW HITPOINT WARNING * * *
The red devil hits you from afar with a +0 trident!!
* * * LOW HITPOINT WARNING * * *
You hit the obsidian statue.
The obsidian statue is almost destroyed.
The obsidian statue's eyes glow briefly.
The white imp misses you. The rust devil hits you.
* * * LOW HITPOINT WARNING * * *
The rust devil corrodes you!
You hit the obsidian statue but do no damage.
The obsidian statue is almost destroyed.
The quasit bites you.
* * * LOW HITPOINT WARNING * * *
The quasit barely misses you. The quasit claws you.
* * * LOW HITPOINT WARNING * * *
The red devil hits you from afar with a +0 trident!
* * * LOW HITPOINT WARNING * * *
You hit the obsidian statue but do no damage.
The obsidian statue is almost destroyed.
The quasit barely misses you. The quasit claws you.
* * * LOW HITPOINT WARNING * * *
The quasit closely misses you.
You hit the obsidian statue but do no damage.
The obsidian statue is almost destroyed.
The obsidian statue's eyes glow briefly.
The rust devil hits you!
You die...

#≈.......................
##...........∩.....§.....
#≈..#########..##########
##..#.=!©!..#..#...[©([..
#≈..#.#^.^#.#..#...#8#...
##..#.#...#.#..#....#....
#≈..#.##©##.#..#.#..#..#.
##..#..#5#..#..#.#######.
#≈..####@####..#.#..#©.#.
##..#.45845.#..#....#....
#≈..#########..#...###...
##§....#©#.....#.........
#§§§...#©#.....##########
##§.#########......#©#...
#§..##.#©#.##......#©#...
##..#.#.#[#.#..##########
#≈..##.#^#†##..#h..$©.=..


You could see an obsidian statue, a rust devil (summoned), a red devil
(summoned), a quasit (summoned), a white imp (summoned) and a shadow imp
(summoned).

Vanquished Creatures
  3 hydras
  A boulder beetle (D:9)
  4 two-headed ogres (D:10)
  A two-headed ogre (shapeshifter) (D:9)
  A death knight (D:8)
  Urug (Lair:1)
  Sonja (Lair:1)
  A wizard (Gauntlet)
  3 oklob plants (Lair:1)
  An ugly thing (D:9)
  Joseph (D:9)
  5 elephants (Lair:2)
  Maggie (D:6)
  4 cane toads
  A komodo dragon (Lair:2)
  A rime drake (Lair:2)
  A freezing wraith (D:8)
  A troll (D:10)
  A hornet (D:9)
  A queen bee (Gauntlet)
  4 blink frogs (Lair:1)
  Prince Ribbit (D:5)
  Sigmund (D:3)
  3 wyverns
  Eustachio (D:4)
  3 wraiths
  17 yaks
  A basilisk (D:10)
  2 wargs (Orc:1)
  Menkaure (D:7)
  An acid dragon (D:8)
  Duvessa (D:5)
  5 water moccasins
  11 orc warriors
  A black bear (D:10)
  2 sky beasts (D:7)
  4 centaurs
  5 ogres
  4 wolves (Lair:1)
  A phantom (D:7)
  5 kobold brigands
  6 bullfrogs
  A wyvern skeleton (D:7)
  Dowan (D:5)
  7 wights
  23 killer bees
  3 howler monkeys (D:7)
  A bullfrog zombie (D:6)
  7 centaur zombies
  A gnoll shaman (D:7)
  2 hounds
  2 centaur skeletons
  A jelly (D:5)
  8 orc priests
  Crazy Yiuf (D:3)
  A bullfrog skeleton (D:6)
  Jessica (D:2)
  Ijyb (D:3)
  4 hell rats (Lair:1)
  6 iguanas
  15 orc wizards
  2 hound skeletons
  2 howler monkey zombies (D:9)
  7 adders
  4 gnolls (D:7)
  2 shadow imps (Gauntlet)
  2 ufetubi
  3 worms
  3 dart slugs
  49 orcs
  2 bats
  7 endoplasms
  2 giant cockroaches
  2 goblins
  A hobgoblin (D:1)
  4 jackals
  23 kobolds
  4 quokkas
  5 ball pythons
  3 frilled lizards
  6 rats
333 creatures vanquished.

Vanquished Creatures (others)
  A human (D:3)
  An orc wizard (D:9)
  2 orcs (D:6)
  4 fungi
  7 plants
15 creatures vanquished.

Grand Total: 348 creatures vanquished

Notes
Turn   | Place    | Note
-------+----------+-------------------------------------------
     0 | D:1      | tsouns the Gnoll Brigand began the quest for the Orb.
     0 | D:1      | Reached XP level 1. HP: 20/20 MP: 1/1
   190 | D:1      | Reached XP level 2. HP: 26/26 MP: 2/2
   872 | D:2      | Reached XP level 3. HP: 31/31 MP: 3/3
   919 | D:2      | Found Ameame's Jewellery Boutique.
   963 | D:2      | Noticed Jessica
   967 | D:2      | Killed Jessica
   968 | D:2      | Reached skill level 1 in Long Blades
   968 | D:2      | Reached skill level 1 in Axes
   968 | D:2      | Reached skill level 1 in Maces & Flails
   968 | D:2      | Reached skill level 1 in Polearms
   968 | D:2      | Reached skill level 1 in Staves
   968 | D:2      | Reached skill level 1 in Slings
   968 | D:2      | Reached skill level 1 in Bows
   968 | D:2      | Reached skill level 1 in Crossbows
   968 | D:2      | Reached skill level 1 in Armour
   968 | D:2      | Reached skill level 1 in Shields
   968 | D:2      | Reached skill level 1 in Unarmed Combat
   968 | D:2      | Reached skill level 1 in Spellcasting
   968 | D:2      | Reached skill level 1 in Invocations
   968 | D:2      | Reached skill level 1 in Evocations
   970 | D:2      | Found Wud Lant's Antique Weapon Shop.
  1047 | D:2      | Reached XP level 4. HP: 37/38 MP: 5/5
  1196 | D:2      | Found Inirghem's Distillery.
  1204 | D:2      | Bought a potion of curing for 39 gold pieces
  1250 | D:2      | Found Yschiosu's Armour Boutique.
  1253 | D:2      | Found Xeduagan's Book Emporium.
  1397 | D:3      | Found a sparkling altar of Nemelex Xobeh.
  1415 | D:3      | Noticed Ijyb
  1450 | D:3      | Killed Ijyb
  1451 | D:3      | Reached skill level 1 in Conjurations
  1451 | D:3      | Reached skill level 1 in Hexes
  1451 | D:3      | Reached skill level 1 in Summonings
  1451 | D:3      | Reached skill level 1 in Necromancy
  1451 | D:3      | Reached skill level 1 in Translocations
  1451 | D:3      | Reached skill level 1 in Transmutations
  1451 | D:3      | Reached skill level 1 in Fire Magic
  1451 | D:3      | Reached skill level 1 in Ice Magic
  1451 | D:3      | Reached skill level 1 in Air Magic
  1451 | D:3      | Reached skill level 1 in Earth Magic
  1451 | D:3      | Reached skill level 1 in Poison Magic
  1758 | D:3      | Reached XP level 5. HP: 34/43 MP: 6/6
  1829 | D:3      | Found a faded altar of an unknown god.
  1833 | D:3      | Became a worshipper of Trog the Wrathful
  1833 | D:3      | Reached * piety under Trog
  1881 | D:3      | Found an ancient bone altar of Kikubaaqudgha.
  1881 | D:3      | Noticed Sigmund
  1893 | D:3      | Killed Sigmund
  1894 | D:3      | Reached skill level 8 in Stealth
  1894 | D:3      | Reached XP level 6. HP: 50/50 MP: 6/8
  1899 | D:3      | Noticed a human
  1900 | D:3      | Killed a human
  1990 | D:3      | Reached skill level 5 in Fighting
  1990 | D:3      | Reached skill level 5 in Short Blades
  1990 | D:3      | Reached skill level 5 in Throwing
  2034 | D:3      | Found a runed translucent door.
  2035 | D:3      | Noticed Crazy Yiuf
  2416 | D:3      | Killed Crazy Yiuf
  2936 | D:4      | Found a broken altar of Ashenzari.
  2979 | D:4      | Found a snail-covered altar of Cheibriados.
  3341 | D:4      | Reached XP level 7. HP: 56/56 MP: 10/10
  3347 | D:4      | Noticed Eustachio
  3859 | D:4      | Killed Eustachio
  4233 | D:5      | Entered Level 5 of the Dungeon
  4292 | D:5      | Found Nuov's Assorted Antiques.
  4346 | D:5      | Found Noithios's Armour Shop.
  4352 | D:5      | Found Ponn's Assorted Antiques.
  4475 | D:5      | Noticed Duvessa
  4476 | D:5      | Noticed Dowan
  4479 | D:5      | Killed Dowan
  4479 | D:5      | Reached ** piety under Trog
  4480 | D:5      | Reached XP level 8. HP: 63/63 MP: 12/12
  4486 | D:5      | Killed Duvessa
  4789 | D:5      | Noticed Prince Ribbit
  4805 | D:5      | Killed Prince Ribbit
  5146 | D:6      | Found an opulent altar of Gozag.
  5430 | D:6      | Noticed Maggie
  5435 | D:6      | Reached XP level 9. HP: 69/69 MP: 14/14
  5700 | D:6      | Killed Maggie
  5956 | D:6      | Found a shimmering blue altar of Sif Muna.
  5975 | D:6      | Reached *** piety under Trog
  5976 | D:6      | Reached skill level 5 in Dodging
  6009 | D:6      | Reached skill level 9 in Stealth
  6021 | D:6      | Reached skill level 5 in Invocations
  6058 | D:6      | Found a shadowy altar of Dithmenos.
  6297 | D:7      | Reached XP level 10. HP: 57/77 MP: 17/17
  6452 | D:7      | Identified the Incunabulum of Mutagenic Fire
  6838 | D:7      | Reached skill level 5 in Long Blades
  6838 | D:7      | Reached skill level 5 in Axes
  6838 | D:7      | Reached skill level 5 in Maces & Flails
  6838 | D:7      | Reached skill level 5 in Polearms
  6838 | D:7      | Reached skill level 5 in Staves
  6838 | D:7      | Reached skill level 5 in Slings
  6838 | D:7      | Reached skill level 5 in Bows
  6838 | D:7      | Reached skill level 5 in Crossbows
  6838 | D:7      | Reached skill level 5 in Armour
  6838 | D:7      | Reached skill level 5 in Shields
  6838 | D:7      | Reached skill level 5 in Unarmed Combat
  6838 | D:7      | Reached skill level 5 in Spellcasting
  6838 | D:7      | Reached skill level 5 in Evocations
  7368 | D:7      | Noticed Menkaure
  7380 | D:7      | Killed Menkaure
  7672 | D:7      | Found a staircase to the Ecumenical Temple.
  7681 | Temple   | Entered the Ecumenical Temple
  8184 | D:8      | Reached **** piety under Trog
  9164 | D:8      | Found a shimmering altar of Xom.
  9235 | D:8      | Noticed a death knight
  9264 | D:8      | Killed a death knight
  9603 | D:8      | Found an ornate altar of the Wu Jian Council.
  9603 | D:8      | Found a burning altar of Makhleb.
 10125 | D:9      | Noticed Joseph
 10155 | D:9      | Reached XP level 11. HP: 80/80 MP: 19/19
 10180 | D:9      | Killed Joseph
 10468 | D:9      | Noticed a boulder beetle
 10488 | D:9      | HP: 3/84 [orc priest/divine providence (12)]
 10839 | D:9      | Killed a boulder beetle
 10840 | D:9      | Reached skill level 5 in Conjurations
 10840 | D:9      | Reached skill level 5 in Hexes
 10840 | D:9      | Reached skill level 5 in Summonings
 10840 | D:9      | Reached skill level 5 in Necromancy
 10840 | D:9      | Reached skill level 5 in Translocations
 10840 | D:9      | Reached skill level 5 in Transmutations
 10840 | D:9      | Reached skill level 5 in Fire Magic
 10840 | D:9      | Reached skill level 5 in Ice Magic
 10840 | D:9      | Reached skill level 5 in Air Magic
 10840 | D:9      | Reached skill level 5 in Earth Magic
 10840 | D:9      | Reached skill level 5 in Poison Magic
 10884 | D:9      | Paralysed by a hornet for 2 turns
 11335 | D:9      | Reached skill level 10 in Stealth
 11744 | D:9      | Noticed a two-headed ogre
 11744 | D:9      | an eye of devastation changed into a two-headed ogre
 11756 | D:9      | Killed a two-headed ogre
 11797 | D:9      | Noticed a cyan ugly thing
 11808 | D:9      | Killed a cyan ugly thing
 12101 | D:10     | Entered Level 10 of the Dungeon
 12183 | D:10     | Found a basalt altar of Yredelemnul.
 12268 | D:10     | Noticed a two-headed ogre
 12282 | D:10     | Killed a two-headed ogre
 12380 | D:10     | Reached ***** piety under Trog
 12489 | D:10     | Found a staircase to the Lair.
 12561 | D:10     | Noticed a two-headed ogre
 12568 | D:10     | Killed a two-headed ogre
 12597 | D:10     | Reached XP level 12. HP: 94/94 MP: 22/22
 12774 | D:10     | Noticed a two-headed ogre
 12784 | D:10     | Killed a two-headed ogre
 12922 | D:10     | Noticed a two-headed ogre
 12932 | D:10     | Killed a two-headed ogre
 13211 | D:10     | Found a staircase to the Orcish Mines.
 13333 | Orc:1    | Entered Level 1 of the Orcish Mines
 13434 | Orc:1    | Found a runed translucent door.
 13455 | Orc:1    | Noticed Rutap's ghost (journeyman DgIE)
 14445 | Lair:1   | Entered Level 1 of the Lair of Beasts
 15819 | Lair:1   | Noticed Sonja
 15833 | Lair:1   | Killed Sonja
 16124 | Lair:1   | Noticed Urug
 16144 | Lair:1   | Killed Urug
 16366 | Lair:1   | Found a runed translucent door.
 16367 | Lair:1   | Noticed Vevib's ghost (journeyman DrIE)
 16375 | Lair:1   | Identified the +7 spear "Qumyopp" {freeze, rElec}
 16458 | Lair:1   | Noticed a five-headed hydra
 16467 | Lair:1   | Killed a five-headed hydra
 17032 | Lair:2   | Noticed a four-headed hydra
 17041 | Lair:2   | Killed a four-headed hydra
 17168 | Lair:2   | Noticed a seven-headed hydra
 17182 | Lair:2   | Killed a seven-headed hydra
 17183 | Lair:2   | Received a gift from Trog
 17539 | Lair:2   | Reached XP level 13. HP: 87/101 MP: 24/24
 17574 | Lair:2   | Reached skill level 11 in Stealth
 19189 | D:5      | Bought the +2 pair of gloves of Dithmenos's Anger {-Cast
                  | rElec rN+ Str+4} for 511 gold pieces
 19210 | D:5      | Bought a crude chain mail for 209 gold pieces
 19210 | D:5      | Identified the +3 chain mail of Pride {rElec Will+ Dex+3}
                  | (You bought it in a shop on level 5 of the Dungeon)
 19230 | D:5      | Bought a fizzy orange potion for 19 gold pieces
 19230 | D:5      | Bought a worn iron wand for 88 gold pieces
 19230 | D:5      | Bought a wand of iceblast (8) for 88 gold pieces
 19618 | Lair:1   | Identified the +8 short sword "Weyczois" {venom, rF+}
 19625 | Lair:1   | Identified the +4 battleaxe of Discord {vorpal, rPois rC-
                  | Str+9 Stlth-}
 19823 | Lair:3   | Found a gate leading to a gauntlet.
 19831 | Lair:3   | Noticed Fannar
 19834 | Gauntlet | Entered a Gauntlet
 19834 | Gauntlet | Found a transporter.
 19834 | Gauntlet | Found a transporter.
 19834 | Gauntlet | Found a transporter.
 19835 | Gauntlet | Found a transporter.
 19836 | Gauntlet | Found a transporter.
 19839 | Gauntlet | Found a transporter.
 19848 | Gauntlet | Found a transporter.
 19848 | Gauntlet | Found a transporter.
 19849 | Gauntlet | Found a transporter.
 19850 | Gauntlet | Found a transporter.
 19858 | Gauntlet | Found a transporter.
 19858 | Gauntlet | Found a transporter.
 20325 | Gauntlet | Slain by a rust devil

Illustrated notes

Levels and vault maps discovered:
D:1:      heliophobic_arrival_glass_houses, layout_rooms
D:2:      layout_rooms, serial_shops, shop, nicolae_lakefront_shop, shop, shop,
          shop, uniq_jessica
D:3:      layout_rooms, tgw_kikubaaqudgha, amcnicky_altar_gilded,
          shapermc_ecumenical_altar_venn, uniq_sigmund, uniq_ijyb,
          uniq_crazy_yiuf_cottage
D:4:      layout_loops_corners, cheibrodos_ashenzari_chains,
          nicolae_overflow_hidden_temple, uniq_eustachio
D:5:      layout_loops_ring, serial_shops, nicolae_shop_statue_plus,
          shop_fountains, kennysheep_mini_moat, uniq_duvessa,
          uniq_prince_ribbit1
D:6:      layout_rooms, grunt_temple_overflow_open, old_standard_altar,
          kennysheep_nub, uniq_maggie
D:7:      layout_rooms, lemuel_temple_firewalk_b, hex_intersection,
          uniq_menkaure
D:8:      layout_cave_pods, kennysheep_mini, gammafunk_temple_overflow_statue
D:9:      cheibrodos_barr_body, layout_loops_cross, uniq_joseph
D:10:     layout_irregular_city, yredelemnul_altar_generic, david_lair_generic,
          david_orc_4, nrook_mini_backslash
Temple:   jpeg_temple_clearing
Lair:1:   layout_hall_layers, ebering_ghost_funeral_grove,
          minmay_lair_oklob_chamber, serial_bayou_shore_a, uniq_sonja, uniq_urug
Lair:2:   layout_gridlike
Lair:3:   layout_hall_layers, gauntlet_entry_generic, serial_forest,
          infiniplex_forest_clump_small, infiniplex_forest_clump_curved,
          infiniplex_forest_clump_diagonal, infiniplex_forest_lined_corner,
          infiniplex_forest_end_2, infiniplex_forest_straight_4,
          infiniplex_forest_end_double, uniq_fannar
Orc:1:    minmay_goldmine, layout_caves, ebering_ghost_inner_flame
Gauntlet: minmay_gauntlet_mixed_big_or_small [nicolae_gauntlet_swirl,
          minmay_gauntlet_arena_77_museum,
          gammafunk_gauntlet_arena_split_diamond,
          minmay_gauntlet_arena_77_checkered, nicolae_gauntlet_arena_t_cross,
          minmay_gauntlet_arena_77_mirror, gauntlet_exit_green]

Skill      XL: |  1  2  3  4  5  6  7  8  9 10 11 12 13 |
---------------+----------------------------------------+-----
Long Blades    | 1 2 3 4 5 6 7 8 |  8.1
Axes           | 1 2 3 4 5 6 7 8 |  8.1
Maces & Flails | 1 2 3 4 5 6 7 8 |  8.1
Polearms       | 1 2 3 4 5 6 7 8 |  8.1
Staves         | 1 2 3 4 5 6 7 8 |  8.1
Slings         | 1 2 3 4 5 6 7 8 |  8.1
Bows           | 1 2 3 4 5 6 7 8 |  8.1
Crossbows      | 1 2 3 4 5 6 7 8 |  8.1
Armour         | 1 2 3 4 5 6 7 8 |  8.1
Shields        | 1 2 3 4 5 6 7 8 |  8.1
Unarmed Combat | 1 2 3 4 5 6 7 8 |  8.1
Spellcasting   | 1 2 3 4 5 6 7 8 |  8.1
Invocations    | 1 2 3 4 5 6 7 8 |  8.9
Evocations     | 1 2 3 4 5 6 7 8 |  8.1
Conjurations   | 1 2 3 4 5 6 |  6.8
Hexes          | 1 2 3 4 5 6 |  6.8
Summonings     | 1 2 3 4 5 6 |  6.8
Necromancy     | 1 2 3 4 5 6 |  6.8
Translocations | 1 2 3 4 5 6 |  6.8
Transmutations | 1 2 3 4 5 6 |  6.8
Fire Magic     | 1 2 3 4 5 6 |  6.8
Ice Magic      | 1 2 3 4 5 6 |  6.8
Air Magic      | 1 2 3 4 5 6 |  6.8
Earth Magic    | 1 2 3 4 5 6 |  6.8
Poison Magic   | 1 2 3 4 5 6 |  6.8
Dodging        | 3 4 5 6 7 8 |  8.6
Stealth        | 8 9 10 11 | 11.1
Fighting       | 5 6 7 8 9 |  9.4
Short Blades   | 5 6 7 8 9 |  9.4
Throwing       | 5 6 7 8 9 |  9.4

Action                   |  1- 3 |  4- 6 |  7- 9 | 10-12 | 13-15 || total
-------------------------+-------+-------+-------+-------+-------++-------
Melee: Dagger            |    53 |    59 |       |       |       ||   112
       Bite              |     3 |    10 |    16 |   103 |    19 ||   151
       Quarterstaff      |       |    43 |       |       |       ||    43
       Short sword       |       |     5 |   260 |  1030 |    61 ||  1356
       Punch             |       |       |     4 |       |     2 ||     6
       Demon trident     |       |       |       |    76 |   111 ||   187
Throw: Dart              |     2 |    22 |     6 |    30 |       ||    60
Invok: Berserk           |       |     1 |     5 |    20 |     4 ||    30
       Trog's Hand       |       |       |     1 |       |       ||     1
       Brothers in Arms  |       |       |       |     1 |       ||     1
Evoke: Wand              |       |       |    10 |    16 |     6 ||    32
  Use: Scroll            |       |     9 |     6 |     5 |     3 ||    23
       Potion            |       |       |     1 |       |       ||     1
 Stab: Sleeping          |     9 |    12 |     6 |    16 |     2 ||    45
       Distracted        |       |       |     1 |     2 |       ||     3
Armor: Robe              |     8 |    16 |    20 |       |       ||    44
       Leather armour    |       |       |    56 |       |       ||    56
       Acid dragon scale |       |       |    19 |   334 |    43 ||   396
       Chain mail        |       |       |       |       |     9 ||     9
Dodge: Dodged            |    13 |    44 |   177 |   474 |    77 ||   785
Block: Kite shield       |       |       |    92 |   515 |    39 ||   646

Table legend: (Time is in decaauts)
 A = Elapsed time spent in this place.
 B = Non-inter-level travel time spent in this place.
 C = Inter-level travel time spent in this place.
 D = Time resting spent in this place.
 E = Time spent auto-exploring this place.
 F = Levels seen in this place.
 G = Mean time per level.
                   A        B        C        D        E       F      G
               +--------+--------+--------+--------+--------+-----+--------+
         Total |  20465 |  19495 |    970 |      0 |  15886 |  16 | 1279.1 |
       Dungeon |  13624 |  13010 |    614 |      0 |  10536 |  10 | 1362.4 |
        Temple |    139 |    122 |     17 |      0 |    121 |   1 |  139.0 |
          Lair |   5170 |   4831 |    339 |      0 |   4111 |   3 | 1723.3 |
  Orcish Mines |   1049 |   1049 |      0 |      0 |    802 |   1 | 1049.0 |
      Gauntlet |    482 |    482 |      0 |      0 |    315 |   1 |  482.0 |
               +--------+--------+--------+--------+--------+-----+--------+

Top non-repeatable levels by time:
  Lair:1: 3426 daAuts
     D:8: 2427 daAuts
     D:9: 1760 daAuts
  Lair:2: 1727 daAuts
     D:7: 1675 daAuts
     D:3: 1652 daAuts
     D:5: 1424 daAuts
    D:10: 1324 daAuts
     D:4: 1193 daAuts
   Orc:1: 1049 daAuts
     D:1: 857 daAuts
     D:6: 786 daAuts
     D:2: 522 daAuts
Gauntlet: 482 daAuts
  Temple: 139 daAuts
